 Dungeon Crawl Stone Soup version 0.30-a0-5-g3a90980b9d (webtiles) character file.

Game seed: 8053712481014192060

642 Plasmagod the Fighter (level 7, 0/51 HPs)
             Began as a Gargoyle Fighter on Aug 22, 2022.
             Slain by an orc
             ... wielding a +0 hand axe
              (2 damage)
             ... on level 5 of the Dungeon.
             The game lasted 00:05:10 (3310 turns).

Plasmagod the Fighter (Gargoyle Fighter)            Turns: 3310, Time: 00:05:10

Health: 0/51       AC: 16    Str: 22    XL:     7   Next: 51%
Magic:  7/7        EV:  7    Int: 14    God:
Gold:   166        SH:  4    Dex:  9    Spells: 6/6 levels left

rFire   + . .      SeeInvis .    u - +8 falchion "Guepug" {holy, Int+6}
rCold   + . .      Faith    .    c - +0 buckler
rNeg    + . .      Spirit   .    o - +0 chain mail
rPois   ∞          Reflect  .    t - +0 helmet
rElec   +          Harm     .    (no cloak)
rCorr   .          Rampage  .    (no gloves)
Will    .....                    g - +0 pair of boots
Stlth   ..........               (no amulet)
HPRegen 0.17/turn                l - ring of protection from cold
MPRegen 0.10/turn                s - ring of protection from fire

@: mighty
A: sickness immunity, AC +4, negative energy resistance 1, electricity
resistance, torment resistance 1, petrification resistance
a: no special abilities


You were on level 5 of the Dungeon.
You visited 1 branch of the dungeon, and saw 5 of its levels.

You collected 166 gold pieces.

Inventory:

Hand Weapons
 a - a +0 war axe
 u - the +8 falchion "Guepug" (weapon) {holy, Int+6}
   (You found it on level 3 of the Dungeon)

   It has been blessed by the Shining One to cause great damage to the undead
   and demons.
   Int:       It affects your intelligence (+6).
Armour
 c - a +0 buckler (worn)
 g - a +0 pair of boots (worn)
 o - a +0 chain mail (worn)
 t - a +0 helmet (worn)
Jewellery
 l - a ring of protection from cold (left hand)
 s - a ring of protection from fire (right hand)
Wands
 A - a wand of flame (13)
Scrolls
 f - 2 scrolls of enchant weapon {unknown}
 h - a scroll of vulnerability {unknown}
 i - 4 scrolls of identify {unknown}
 j - a scroll of torment {unknown}
 k - 3 scrolls of amnesia {unknown}
 m - a scroll of summoning {unknown}
 q - a scroll of silence {unknown}
 r - a scroll of poison {unknown}
 v - 2 scrolls of noise {unknown}
 y - a scroll of teleportation {unknown}
Potions
 b - 2 potions of heal wounds {unknown}
 d - a potion of might
 e - a potion of attraction {unknown}
 n - a potion of cancellation {unknown}
 p - a potion of resistance {unknown}
 w - a potion of curing {unknown}
 x - a potion of berserk rage {unknown}
 z - a potion of lignification {unknown}


   Skills:
 + Level 9.3 Fighting
 - Level 1.7 Axes
 - Level 3.2 Armour
 - Level 3.2 Shields


You had 6 spell levels left.
You didn't know any spells.
Your spell library contained the following spells:

 Spells                   Type           Power      Damage    Failure   Level
 Beastly Appendage        Tmut           0%         N/A       97%         1
 Wereblood                Tmut           0%         N/A       99%         2
 Conjure Flame            Conj/Fire      0%         6-21      100%        3
 Ignite Poison            Fire/Tmut/Pois 0%         N/A       100%        3
 Spider Form              Tmut/Pois      0%         N/A       100%        3
 Sticky Flame             Conj/Fire      0%         2d3       100%        4


Dungeon Overview and Level Annotations

Branches:
Dungeon (5/15)
 Temple: D:4-7

Altars:
Trog


Innate Abilities, Weirdness & Mutations

You are immune to sickness and miasma.
Your stone body is resilient. (AC +4)
You are immune to poison.
You resist negative energy. (rN+)
You are resistant to electric shocks. (rElec)
You are resistant to unholy torment.
You are immune to petrification.


Message History

A magic dart appears from out of thin air!
The magic dart hits you.
* * * LOW HITPOINT WARNING * * *
Something hits you.
* * * LOW HITPOINT WARNING * * *
The orc hits you but does no damage. x3
You hit the orc.
The orc is almost dead.
The orc hits you but does no damage. x3
You hear some strange, mumbled words.
Something tries to affect you, but you resist.
You slash the orc!
You kill the orc!
Something hits you but does no damage. The orc hits you with a +0 club.
* * * LOW HITPOINT WARNING * * *
The orc closely misses you. Something hits you.
* * * LOW HITPOINT WARNING * * *
The orc completely misses you.
You barely miss the orc.
You hear some strange, mumbled words.
A puff of flame appears from out of thin air!
The puff of flame hits you but does no damage.
The orc hits you with a +0 hand axe.
* * * LOW HITPOINT WARNING * * *
The orc hits you but does no damage. x2
An orc comes into view. It is wielding a +0 flail.
You closely miss the orc. Something hits you but does no damage.
The orc hits you but does no damage. x2; You block the orc's attack.
You slash the orc!
You kill the orc!
Something hits you but does no damage. The orc barely misses you.
The orc hits you but does no damage.
You slash the orc!
You kill the orc!
Something hits you but does no damage. The orc hits you but does no damage.
Something hits you but does no damage. The orc hits you with a +0 hand axe.
* * * LOW HITPOINT WARNING * * *
You completely miss the orc. Something hits you but does no damage.
The orc hits you with a +0 hand axe.
You die...

#.#.#<####.##
#...#........###.####
#..###...............
.......#.#....###.....
###..#.#..>............
...#...#...!.........
.# ##.##.............
.. ?.....##..o).##..
.##.......o{@)#
#.#..###.#).# #.#..
#.#..# .. #.#..# #
#.#... .$.(##. ##### ..
.


You could see 2 orcs.

Vanquished Creatures
  Eustachio (D:5)
  Menkaure (D:5)
  A black bear (D:4)
  A scorpion (D:5)
  A howler monkey (D:4)
  An orc priest (D:5)
  An iguana (D:4)
  7 adders
  3 worms
  3 orcs (D:5)
  6 ball pythons
  4 bats
  4 endoplasms
  3 giant cockroaches
  7 goblins
  8 hobgoblins
  3 jackals (D:4)
  4 quokkas
  4 frilled lizards
  6 kobolds
  4 rats
73 creatures vanquished.

Notes
Turn   | Place    | Note
-------+----------+-------------------------------------------
     0 | D:1      | Plasmagod the Gargoyle Fighter began the quest for the Orb.
     0 | D:1      | Reached XP level 1. HP: 14/14 MP: 1/1
    93 | D:1      | Reached XP level 2. HP: 9/20 MP: 2/2
   369 | D:1      | Reached skill level 4 in Fighting
   913 | D:2      | Reached XP level 3. HP: 18/24 MP: 3/3
  1261 | D:2      | Reached skill level 5 in Fighting
  1471 | D:3      | Identified the +8 falchion "Guepug" {holy, Int+6}
  1648 | D:3      | Reached XP level 4. HP: 28/31 MP: 4/4
  1743 | D:3      | Found a bloodstained altar of Trog.
  1922 | D:3      | Found a faded altar of an unknown god.
  2289 | D:4      | Reached skill level 6 in Fighting
  2303 | D:4      | Reached XP level 5. HP: 6/36 MP: 5/5
  2434 | D:4      | Noticed a black bear
  2444 | D:4      | Killed a black bear
  2445 | D:4      | Reached skill level 7 in Fighting
  2762 | D:4      | Reached XP level 6. HP: 44/44 MP: 6/6
  3148 | D:5      | Entered Level 5 of the Dungeon
  3148 | D:5      | Noticed Eustachio
  3149 | D:5      | Noticed Menkaure
  3163 | D:5      | Killed Menkaure
  3164 | D:5      | Reached skill level 8 in Fighting
  3173 | D:5      | Killed Eustachio
  3174 | D:5      | Reached XP level 7. HP: 32/50 MP: 7/7
  3298 | D:5      | Reached skill level 9 in Fighting
  3309 | D:5      | HP: 2/51 [orc/+0 hand axe (5)]
  3310 | D:5      | Slain by an orc

Illustrated notes

Levels and vault maps discovered:
D:1:      kennysheep_arrival_forest, layout_basic, item_on_display_a
D:2:      layout_rooms, minmay_splitting_lines
D:3:      layout_loops_ring, bloody_trog,
          hellmonk_ecumenical_altar_leap_of_faith
D:4:      layout_cave_pools, chequers_serial_rivers_marsh, minmay_misc_feat_iff,
          hex_medium
D:5:      layout_loops_ring, ashenzari_conservatory_becter,
          mainiacjoe_overflow_alcove_1, lemuel_zombie_altar_kikubaaqudgha,
          minmay_temple_entry_waves, nrook_mini_vaults, uniq_blork_the_orc,
          uniq_eustachio, uniq_menkaure

Skill      XL: |  1  2  3  4  5  6  7 |
---------------+----------------------+-----
Fighting       | 4 5 6 7 8 9 |  9.3
Axes           | |  1.7
Armour         | |  3.2
Shields        | |  3.2

Action                   |  1- 3 |  4- 6 |  7- 9 || total
-------------------------+-------+-------+-------++-------
Melee: War axe           |   102 |       |       ||   102
       Falchion          |    18 |   103 |    17 ||   138
  Use: Potion            |       |       |     1 ||     1
Armor: Scale mail        |    31 |       |       ||    31
       Chain mail        |    50 |    75 |    32 ||   157
Dodge: Dodged            |    58 |    44 |    12 ||   114
Block: Buckler           |    14 |    22 |     8 ||    44

Table legend: (Time is in decaauts)
 A = Elapsed time spent in this place.
 B = Non-inter-level travel time spent in this place.
 C = Inter-level travel time spent in this place.
 D = Time resting spent in this place.
 E = Time spent auto-exploring this place.
 F = Levels seen in this place.
 G = Mean time per level.
                   A        B        C        D        E       F      G
               +--------+--------+--------+--------+--------+-----+--------+
         Total |   3401 |   3291 |    110 |      0 |   2647 |   5 |  680.2 |
       Dungeon |   3401 |   3291 |    110 |      0 |   2647 |   5 |  680.2 |
               +--------+--------+--------+--------+--------+-----+--------+

Top non-repeatable levels by time:
     D:4: 943 daAuts
     D:3: 824 daAuts
     D:1: 774 daAuts
     D:2: 685 daAuts
     D:5: 173 daAuts
